Canucks vs Avalanche

Created - December 18 2006 at 19:31

Goals
1 2 3 T
Canucks 1 1 0 2
Avalanche 2 0 2 4
Shots
1 2 3 T
Canucks 9 3 8 20
Avalanche 7 7 17 31

Period #1

1. Avalanche , Marek Svatos 3 (Joe Sakic, Andrew Brunette) at 0:20
2. Canucks , Matt Cooke 5 (Willie Mitchell, Henrik Sedin) at 1:58 (PP)
3. Avalanche , Marek Svatos 4 (Jordan Leopold) at 14:56

Penalities :
Marek Svatos (COL) for Boarding (Minor) at 1:21, Marek Svatos (COL) for Hooking (Minor) at 2:24, Ian Laperriere (COL) for Elbowing (Minor) at 8:29, Jan Bulis (VAN) for Diving (Minor) at 10:30, Sami Salo (VAN) for Clipping (Minor) at 15:03

Period #2

4. Canucks , Olli Jokinen 2 (Markus Naslund) at 8:02 (PP)

Penalities :
Brendan Morrison (VAN) for Diving (Minor) at 1:36, Alexei Zhitnik (COL) for Kneeing (Major) at 4:29, Jan Bulis (VAN) for Roughing (Minor) at 4:29, Matt Cooke (VAN) for Holding (Minor) at 11:09, Matt Cooke (VAN) for Cross-checking (Minor) at 15:56, Roberto Luongo (VAN) for Slashing (Minor) at 19:32 - Willie Mitchell served the penalty.

Period #3

5. Avalanche , Alexander Frolov 4 (Joe Sakic) at 1:18 (PP)
6. Avalanche , Pierre Turgeon 5 (Ken Klee, Alexander Frolov) at 13:20

Penalities :
Matt Cooke (VAN) for Elbowing (Minor) at 2:36, Karlis Skrastins (COL) for Delaying the game (Minor) at 6:21, Olli Jokinen (VAN) for Hooking (Minor) at 6:21, Mike York (COL) for Elbowing (Minor) at 16:12

Goalie Stats

Roberto Luongo (VAN), 25 saves from 29 shots - (0.862), L, 2-5-1, 53:20 minutes
Mika Noronen (VAN), 2 saves from 2 shots - (1.000), 7:40 minutes
Peter Budaj (COL), 18 saves from 20 shots - (0.900), W, 2-5-1, 60:00 minutes

Players Stats

Canucks
Player Name              G  A  P  +/- PIM S  H  SB FO MP 
-----------------------------------------------------------
Anson Carter             0  0  0  -1  0   1  0  0  3  10 
Brendan Morrison         0  0  0   0  2   5  0  1  16 18 
Bryan Smolinski          0  0  0   0  0   0  1  0  6  8  
Daniel Sedin             0  0  0  -2  0   2  0  0  3  22 
Eric Weinrich            0  0  0   0  0   1  3  3  0  18 
Henrik Sedin             0  1  1  -2  0   2  0  0  26 22 
Jan Bulis                0  0  0   0  4   0  0  0  1  16 
Jozef Balej              0  0  0   0  0   0  0  0  0  7  
Lukas Krajicek           0  0  0   0  0   0  2  1  0  15 
Markus Naslund           0  1  1  -1  0   3  0  0  12 19 
Matt Cooke               1  0  1  -2  6   2  0  0  3  14 
Mattias Ohlund           0  0  0  -1  0   2  2  0  0  25 
Nick Boynton             0  0  0  -2  0   1  0  1  0  22 
Oleg Kvasha              0  0  0   0  0   0  0  0  0  7  
Olli Jokinen             1  0  1  -1  2   1  0  0  15 18 
Sami Salo                0  0  0  -1  2   0  1  0  0  23 
Trevor Linden            0  0  0   0  0   0  0  0  0  15 
Willie Mitchell          0  1  1  -2  0   0  0  1  0  21 
Avalanche
Player Name              G  A  P  +/- PIM S  H  SB FO MP 
-----------------------------------------------------------
Alexander Frolov         1  1  2   1  0   4  0  0  2  22 
Alexei Zhitnik           0  0  0   1  5   1  0  0  0  23 
Andrew Brunette          0  1  1   2  0   0  0  0  1  14 
Brett McLean             0  0  0   0  0   1  1  0  15 12 
Ian Laperriere           0  0  0   1  2   2  1  0  1  16 
Joe Sakic                0  2  2   2  0   6  0  0  29 24 
John-Michael Liles       0  0  0   1  0   0  0  0  0  22 
Jordan Leopold           0  1  1   2  0   0  1  4  0  20 
Karlis Skrastins         0  0  0   0  2   1  0  0  0  22 
Ken Klee                 0  1  1   1  0   0  2  2  0  20 
Marek Svatos             2  0  2   2  4   4  0  0  0  14 
Mike York                0  0  0   0  2   2  0  0  3  17 
Milan Hejduk             0  0  0   0  0   0  0  0  1  7  
Ossi Vaananen            0  0  0   1  0   2  1  0  0  16 
Pierre Turgeon           1  0  1   1  0   3  0  0  18 17 
Steve Konowalchuk        0  0  0   0  0   2  0  0  0  10 
Tyler Arnason            0  0  0   0  0   1  0  0  15 13 
Wojtek Wolski            0  0  0   0  0   2  0  0  0  13 

3 Stars

1 - Marek Svatos (COL)
2 - Alexander Frolov (COL)
3 - Joe Sakic (COL)

Power Play

Canucks - 2 on 4 Attempt(s) - 50.00%
Avalanche - 1 on 6 Attempt(s) - 16.67%

Penalty Kill

Canucks - 5 on 6 Attempt(s) - 83.33% - Score 0 goal in Penalty Kill
Avalanche - 2 on 4 Attempt(s) - 50.00% - Score 0 goal in Penalty Kill

Game Notes

Milan Hejduk is injured at 18:29 of 1st period (Head)
Mika Noronen enters game at 13:20 of 3rd period

Finance

Level 1 -- Attendance: 4005 (66.76%) -- Ticket Income $400,500.00
Level 2 -- Attendance: 4146 (82.92%) -- Ticket Income $248,760.00
Level 3 -- Attendance: 1691 (84.27%) -- Ticket Income $59,185.00
Level 4 -- Attendance: 3189 (79.72%) -- Ticket Income $63,780.00
Luxury Box -- Attendance: 679 (67.93%) -- Ticket Income $135,800.00
Game was played at the Pepsi Center
Total Attendance: 13710 (76.14%)
Total Ticket Income: $956,149.60
Other Expense: $90,768.80
Total Income: $865,381.00


Play by Play

Period #1

0:01 of 1st period - Joe Sakic wins face-off versus Olli Jokinen in neutral zone.
0:20 of 1st period - Shot by Marek Svatos.
0:20 of 1st period - Goal by Marek Svatos.
0:21 of 1st period - Milan Hejduk wins face-off versus Matt Cooke in neutral zone.
0:30 of 1st period - Shot by Tyler Arnason.
0:30 of 1st period - Shot Misses the Net.
0:34 of 1st period - Icing by Matt Cooke.
0:35 of 1st period - Pierre Turgeon wins face-off versus Henrik Sedin in Canucks zone.
0:42 of 1st period - Shot by Alexander Frolov.
0:42 of 1st period - Shot Misses the Net.
0:50 of 1st period - Henrik Sedin is hit by Ossi Vaananen and loses puck.
1:02 of 1st period - Shot by Daniel Sedin.
1:02 of 1st period - Stopped by Peter Budaj without a rebound.
1:03 of 1st period - Joe Sakic wins face-off versus Anson Carter in Avalanche zone.
1:21 of 1st period - Minor Penalty to Marek Svatos for Boarding.
1:22 of 1st period - Brett McLean wins face-off versus Olli Jokinen in neutral zone.
1:28 of 1st period - Icing by Sami Salo.
1:29 of 1st period - Brett McLean wins face-off versus Anson Carter in Canucks zone.
1:35 of 1st period - Brett McLean is hit by Mattias Ohlund and loses puck.
1:43 of 1st period - Shot by Brett McLean.
1:43 of 1st period - Stopped by Roberto Luongo without a rebound.
1:44 of 1st period - Henrik Sedin wins face-off versus Joe Sakic in Canucks zone.
1:55 of 1st period - Shot by Matt Cooke.
1:55 of 1st period - Stopped by Peter Budaj with a rebound.
1:58 of 1st period - Shot by Matt Cooke.
1:58 of 1st period - Goal by Matt Cooke.
1:59 of 1st period - Alexander Frolov wins face-off versus Brendan Morrison in neutral zone.
2:02 of 1st period - Shot by Pierre Turgeon.
2:02 of 1st period - Stopped by Roberto Luongo without a rebound.
2:03 of 1st period - Pierre Turgeon wins face-off versus Brendan Morrison in Canucks zone.
2:04 of 1st period - Shot by Ian Laperriere.
2:04 of 1st period - Shot Blocked by Lukas Krajicek.
2:12 of 1st period - Icing by Trevor Linden.
2:13 of 1st period - Brendan Morrison wins face-off versus Joe Sakic in Canucks zone.
2:20 of 1st period - Shot by Joe Sakic.
2:20 of 1st period - Shot Misses the Net.
2:24 of 1st period - Minor Penalty to Marek Svatos for Hooking.
2:25 of 1st period - Brett McLean wins face-off versus Olli Jokinen in Avalanche zone.
3:02 of 1st period - Shot by Anson Carter.
3:02 of 1st period - Shot Misses the Net.
4:43 of 1st period - Shot by Alexander Frolov.
4:43 of 1st period - Shot Misses the Net.
5:09 of 1st period - Icing by Ian Laperriere.
5:10 of 1st period - Bryan Smolinski wins face-off versus Ian Laperriere in Avalanche zone.
5:44 of 1st period - Off-side.
5:45 of 1st period - Henrik Sedin wins face-off versus Tyler Arnason in neutral zone.
6:16 of 1st period - Shot by Henrik Sedin.
6:16 of 1st period - Stopped by Peter Budaj without a rebound.
6:17 of 1st period - Joe Sakic wins face-off versus Brendan Morrison in Avalanche zone.
6:41 of 1st period - Brendan Morrison is hit by Jordan Leopold and loses puck.
6:45 of 1st period - Shot by Brendan Morrison.
6:45 of 1st period - Shot Misses the Net.
6:46 of 1st period - Shot by Eric Weinrich.
6:46 of 1st period - Stopped by Peter Budaj without a rebound.
6:47 of 1st period - Brett McLean wins face-off versus Olli Jokinen in Avalanche zone.
6:58 of 1st period - Shot by Alexei Zhitnik.
6:58 of 1st period - Stopped by Roberto Luongo without a rebound.
6:59 of 1st period - Tyler Arnason wins face-off versus Henrik Sedin in Canucks zone.
7:38 of 1st period - Shot by Mike York.
7:38 of 1st period - Stopped by Roberto Luongo without a rebound.
7:39 of 1st period - Olli Jokinen wins face-off versus Pierre Turgeon in Canucks zone.
7:39 of 1st period - Mattias Ohlund is hit by Ian Laperriere and loses puck.
8:17 of 1st period - Shot by Markus Naslund.
8:17 of 1st period - Shot Misses the Net.
8:29 of 1st period - Minor Penalty to Ian Laperriere for Elbowing.
8:30 of 1st period - Brett McLean wins face-off versus Henrik Sedin in Avalanche zone.
8:36 of 1st period - Icing by Nick Boynton.
8:37 of 1st period - Brett McLean wins face-off versus Henrik Sedin in Canucks zone.
9:46 of 1st period - Shot by Markus Naslund.
9:46 of 1st period - Stopped by Peter Budaj without a rebound.
9:47 of 1st period - Olli Jokinen wins face-off versus Brett McLean in Avalanche zone.
10:03 of 1st period - Off-side.
10:04 of 1st period - Daniel Sedin wins face-off versus Joe Sakic in neutral zone.
10:30 of 1st period - Minor Penalty to Jan Bulis for Diving.
10:31 of 1st period - Tyler Arnason wins face-off versus Markus Naslund in neutral zone.
10:58 of 1st period - Shot by Tyler Arnason.
10:58 of 1st period - Shot Misses the Net.
12:18 of 1st period - Icing by Jordan Leopold.
12:19 of 1st period - Tyler Arnason wins face-off versus Markus Naslund in Avalanche zone.
12:58 of 1st period - Shot by Brendan Morrison.
12:58 of 1st period - Stopped by Peter Budaj with a rebound.
12:59 of 1st period - Shot by Lukas Krajicek.
12:59 of 1st period - Shot Blocked by Ken Klee.
13:02 of 1st period - Shot by Jan Bulis.
13:02 of 1st period - Shot Misses the Net.
13:16 of 1st period - Icing by Ossi Vaananen.
13:17 of 1st period - Pierre Turgeon wins face-off versus Bryan Smolinski in Avalanche zone.
13:37 of 1st period - Icing by Alexei Zhitnik.
13:38 of 1st period - Henrik Sedin wins face-off versus Brett McLean in Avalanche zone.
14:27 of 1st period - Shot by Daniel Sedin.
14:27 of 1st period - Shot Misses the Net.
14:56 of 1st period - Shot by Marek Svatos.
14:56 of 1st period - Goal by Marek Svatos.
14:57 of 1st period - Olli Jokinen wins face-off versus Pierre Turgeon in neutral zone.
15:03 of 1st period - Minor Penalty to Sami Salo for Clipping.
15:04 of 1st period - Markus Naslund wins face-off versus Tyler Arnason in Avalanche zone.
15:39 of 1st period - Shot by Tyler Arnason.
15:39 of 1st period - Shot Misses the Net.
17:00 of 1st period - Shot by Marek Svatos.
17:00 of 1st period - Shot Misses the Net.
17:06 of 1st period - Off-side.
17:07 of 1st period - Pierre Turgeon wins face-off versus Bryan Smolinski in neutral zone.
17:11 of 1st period - Alexander Frolov is hit by Bryan Smolinski and loses puck.
18:28 of 1st period - Milan Hejduk is hit by Lukas Krajicek and loses puck.
18:29 of 1st period - Milan Hejduk from Avalanche is injured at 18:29 of 1st period (Head).
18:30 of 1st period - Joe Sakic wins face-off versus Daniel Sedin in Canucks zone.
18:46 of 1st period - Off-side.
18:47 of 1st period - Brendan Morrison wins face-off versus Brett McLean in neutral zone.
18:49 of 1st period - Jan Bulis is hit by Brett McLean and loses puck.
19:09 of 1st period - Shot by Wojtek Wolski.
19:09 of 1st period - Stopped by Roberto Luongo without a rebound.
19:10 of 1st period - Henrik Sedin wins face-off versus Joe Sakic in Canucks zone.
19:12 of 1st period - Icing by Matt Cooke.
19:13 of 1st period - Henrik Sedin wins face-off versus Tyler Arnason in Canucks zone.
19:18 of 1st period - Shot by Henrik Sedin.
19:18 of 1st period - Stopped by Peter Budaj without a rebound.
19:19 of 1st period - Joe Sakic wins face-off versus Matt Cooke in Avalanche zone.
19:48 of 1st period - Shot by Matt Cooke.
19:48 of 1st period - Shot Misses the Net.
19:53 of 1st period - Shot by Matt Cooke.
19:53 of 1st period - Shot Misses the Net.
19:54 of 1st period - Shot by Nick Boynton.
19:54 of 1st period - Stopped by Peter Budaj without a rebound.
19:55 of 1st period - Tyler Arnason wins face-off versus Brendan Morrison in Avalanche zone.

Period #2

0:01 of 2nd period - Olli Jokinen wins face-off versus Joe Sakic in neutral zone.
0:05 of 2nd period - Off-side.
0:06 of 2nd period - Tyler Arnason wins face-off versus Henrik Sedin in neutral zone.
0:18 of 2nd period - Off-side.
0:19 of 2nd period - Pierre Turgeon wins face-off versus Olli Jokinen in neutral zone.
0:30 of 2nd period - Shot by Alexander Frolov.
0:30 of 2nd period - Shot Misses the Net.
1:36 of 2nd period - Minor Penalty to Brendan Morrison for Diving.
1:37 of 2nd period - Tyler Arnason wins face-off versus Henrik Sedin in Canucks zone.
3:39 of 2nd period - Tyler Arnason is hit by Lukas Krajicek and loses puck.
3:47 of 2nd period - Shot by Pierre Turgeon.
3:47 of 2nd period - Shot Misses the Net.
3:49 of 2nd period - Icing by Eric Weinrich.
3:50 of 2nd period - Brendan Morrison wins face-off versus Pierre Turgeon in Canucks zone.
4:13 of 2nd period - Shot by Alexander Frolov.
4:13 of 2nd period - Shot Misses the Net.
4:29 of 2nd period - Major Penalty to Alexei Zhitnik for Kneeing.
4:29 of 2nd period - Minor Penalty to Jan Bulis for Roughing.
4:30 of 2nd period - Joe Sakic wins face-off versus Henrik Sedin in Canucks zone.
4:57 of 2nd period - Shot by Joe Sakic.
4:57 of 2nd period - Stopped by Roberto Luongo with a rebound.
5:02 of 2nd period - Shot by Andrew Brunette.
5:02 of 2nd period - Shot Misses the Net.
5:15 of 2nd period - Shot by Joe Sakic.
5:15 of 2nd period - Stopped by Roberto Luongo without a rebound.
5:16 of 2nd period - Joe Sakic wins face-off versus Markus Naslund in Canucks zone.
5:49 of 2nd period - Shot by Olli Jokinen.
5:49 of 2nd period - Shot Misses the Net.
5:50 of 2nd period - Shot by Olli Jokinen.
5:50 of 2nd period - Shot Blocked by Jordan Leopold.
6:24 of 2nd period - Icing by Ken Klee.
6:25 of 2nd period - Alexander Frolov wins face-off versus Henrik Sedin in Avalanche zone.
7:56 of 2nd period - Shot by Markus Naslund.
7:56 of 2nd period - Stopped by Peter Budaj without a rebound.
7:57 of 2nd period - Olli Jokinen wins face-off versus Andrew Brunette in Avalanche zone.
8:02 of 2nd period - Shot by Olli Jokinen.
8:02 of 2nd period - Goal by Olli Jokinen.
8:03 of 2nd period - Olli Jokinen wins face-off versus Joe Sakic in neutral zone.
9:38 of 2nd period - Shot by Brendan Morrison.
9:38 of 2nd period - Shot Misses the Net.
9:45 of 2nd period - Shot by Alexander Frolov.
9:45 of 2nd period - Stopped by Roberto Luongo without a rebound.
9:46 of 2nd period - Bryan Smolinski wins face-off versus Brett McLean in Canucks zone.
9:56 of 2nd period - Alexei Zhitnik is hit by Sami Salo and loses puck.
10:12 of 2nd period - Shot by Brett McLean.
10:12 of 2nd period - Stopped by Roberto Luongo with a rebound.
11:03 of 2nd period - Shot by Jan Bulis.
11:03 of 2nd period - Stopped by Peter Budaj without a rebound.
11:04 of 2nd period - Joe Sakic wins face-off versus Henrik Sedin in Avalanche zone.
11:09 of 2nd period - Shot by Alexei Zhitnik.
11:09 of 2nd period - Shot Hit the Post.
11:09 of 2nd period - Minor Penalty to Matt Cooke for Holding.
11:10 of 2nd period - Joe Sakic wins face-off versus Henrik Sedin in Canucks zone.
11:37 of 2nd period - Shot by Wojtek Wolski.
11:37 of 2nd period - Shot Misses the Net.
11:46 of 2nd period - Shot by Wojtek Wolski.
11:46 of 2nd period - Stopped by Roberto Luongo without a rebound.
11:47 of 2nd period - Markus Naslund wins face-off versus Tyler Arnason in Canucks zone.
13:07 of 2nd period - Off-side.
13:08 of 2nd period - Joe Sakic wins face-off versus Henrik Sedin in neutral zone.
13:54 of 2nd period - Pierre Turgeon is hit by Eric Weinrich and loses puck.
14:18 of 2nd period - Shot by Mike York.
14:18 of 2nd period - Shot Misses the Net.
14:19 of 2nd period - Shot by John-Michael Liles.
14:19 of 2nd period - Shot Blocked by Eric Weinrich.
14:38 of 2nd period - Shot by Tyler Arnason.
14:38 of 2nd period - Shot Blocked by Eric Weinrich.
15:13 of 2nd period - Shot by Marek Svatos.
15:13 of 2nd period - Shot Misses the Net.
15:44 of 2nd period - Shot by Alexander Frolov.
15:44 of 2nd period - Shot Misses the Net.
15:45 of 2nd period - Shot by Ossi Vaananen.
15:45 of 2nd period - Stopped by Roberto Luongo without a rebound.
15:46 of 2nd period - Pierre Turgeon wins face-off versus Henrik Sedin in Canucks zone.
15:55 of 2nd period - Shot by Pierre Turgeon.
15:55 of 2nd period - Shot Misses the Net.
15:56 of 2nd period - Shot by Ossi Vaananen.
15:56 of 2nd period - Shot Misses the Net.
15:56 of 2nd period - Minor Penalty to Matt Cooke for Cross-checking.
15:57 of 2nd period - Henrik Sedin wins face-off versus Joe Sakic in Canucks zone.
17:08 of 2nd period - Shot by Tyler Arnason.
17:08 of 2nd period - Shot Misses the Net.
18:26 of 2nd period - Pierre Turgeon is hit by Eric Weinrich and loses puck.
18:51 of 2nd period - Icing by Jan Bulis.
18:52 of 2nd period - Brendan Morrison wins face-off versus Joe Sakic in Canucks zone.
19:00 of 2nd period - Off-side.
19:01 of 2nd period - Henrik Sedin wins face-off versus Tyler Arnason in neutral zone.
19:28 of 2nd period - Shot by Alexander Frolov.
19:28 of 2nd period - Shot Misses the Net.
19:31 of 2nd period - Shot by Alexander Frolov.
19:31 of 2nd period - Shot Misses the Net.
19:32 of 2nd period - Shot by Karlis Skrastins.
19:32 of 2nd period - Stopped by Roberto Luongo without a rebound.
19:32 of 2nd period - Minor Penalty to Roberto Luongo for Slashing.
19:33 of 2nd period - Joe Sakic wins face-off versus Markus Naslund in Canucks zone.

Period #3

0:01 of 3rd period - Joe Sakic wins face-off versus Markus Naslund in neutral zone.
0:46 of 3rd period - Shot by Alexander Frolov.
0:46 of 3rd period - Stopped by Roberto Luongo without a rebound.
0:47 of 3rd period - Henrik Sedin wins face-off versus Tyler Arnason in Canucks zone.
1:14 of 3rd period - Shot by Marek Svatos.
1:14 of 3rd period - Stopped by Roberto Luongo without a rebound.
1:15 of 3rd period - Joe Sakic wins face-off versus Markus Naslund in Canucks zone.
1:18 of 3rd period - Shot by Alexander Frolov.
1:18 of 3rd period - Goal by Alexander Frolov.
1:19 of 3rd period - Pierre Turgeon wins face-off versus Brendan Morrison in neutral zone.
1:22 of 3rd period - Shot by Alexander Frolov.
1:22 of 3rd period - Stopped by Roberto Luongo without a rebound.
1:23 of 3rd period - Pierre Turgeon wins face-off versus Brendan Morrison in Canucks zone.
2:09 of 3rd period - Icing by Lukas Krajicek.
2:10 of 3rd period - Brendan Morrison wins face-off versus Joe Sakic in Canucks zone.
2:22 of 3rd period - Icing by Jordan Leopold.
2:23 of 3rd period - Joe Sakic wins face-off versus Anson Carter in Avalanche zone.
2:28 of 3rd period - Shot by Marek Svatos.
2:28 of 3rd period - Shot Misses the Net.
2:33 of 3rd period - Shot by Mattias Ohlund.
2:33 of 3rd period - Stopped by Peter Budaj without a rebound.
2:34 of 3rd period - Henrik Sedin wins face-off versus Tyler Arnason in Avalanche zone.
2:36 of 3rd period - Minor Penalty to Matt Cooke for Elbowing.
2:37 of 3rd period - Tyler Arnason wins face-off versus Markus Naslund in Avalanche zone.
4:44 of 3rd period - Shot by Marek Svatos.
4:44 of 3rd period - Stopped by Roberto Luongo without a rebound.
4:45 of 3rd period - Pierre Turgeon wins face-off versus Brendan Morrison in Canucks zone.
4:45 of 3rd period - Ian Laperriere is hit by Eric Weinrich and loses puck.
4:48 of 3rd period - Icing by Eric Weinrich.
4:49 of 3rd period - Brendan Morrison wins face-off versus Pierre Turgeon in Canucks zone.
5:56 of 3rd period - Shot by Joe Sakic.
5:56 of 3rd period - Shot Blocked by Brendan Morrison.
5:57 of 3rd period - Shot by John-Michael Liles.
5:57 of 3rd period - Shot Misses the Net.
6:00 of 3rd period - Shot by Joe Sakic.
6:00 of 3rd period - Stopped by Roberto Luongo without a rebound.
6:01 of 3rd period - Olli Jokinen wins face-off versus Brett McLean in Canucks zone.
6:14 of 3rd period - Shot by Olli Jokinen.
6:14 of 3rd period - Shot Misses the Net.
6:17 of 3rd period - Shot by Markus Naslund.
6:17 of 3rd period - Shot Misses the Net.
6:21 of 3rd period - Minor Penalty to Karlis Skrastins for Delaying the game.
6:21 of 3rd period - Minor Penalty to Olli Jokinen for Hooking.
6:22 of 3rd period - Joe Sakic wins face-off versus Henrik Sedin in Avalanche zone.
7:18 of 3rd period - Icing by John-Michael Liles.
7:19 of 3rd period - Joe Sakic wins face-off versus Markus Naslund in Avalanche zone.
7:29 of 3rd period - Icing by Mattias Ohlund.
7:30 of 3rd period - Markus Naslund wins face-off versus Mike York in Canucks zone.
7:39 of 3rd period - Shot by Brendan Morrison.
7:39 of 3rd period - Shot Blocked by Ken Klee.
7:42 of 3rd period - Shot by Brendan Morrison.
7:42 of 3rd period - Shot Blocked by Jordan Leopold.
7:43 of 3rd period - Shot by Mattias Ohlund.
7:43 of 3rd period - Stopped by Peter Budaj without a rebound.
7:44 of 3rd period - Mike York wins face-off versus Daniel Sedin in Avalanche zone.
7:50 of 3rd period - Off-side.
7:51 of 3rd period - Mike York wins face-off versus Markus Naslund in neutral zone.
8:18 of 3rd period - Shot by Markus Naslund.
8:18 of 3rd period - Shot Misses the Net.
8:19 of 3rd period - Shot by Markus Naslund.
8:19 of 3rd period - Stopped by Peter Budaj without a rebound.
8:20 of 3rd period - Joe Sakic wins face-off versus Henrik Sedin in Avalanche zone.
8:25 of 3rd period - Shot by John-Michael Liles.
8:25 of 3rd period - Shot Misses the Net.
8:26 of 3rd period - Shot by Alexei Zhitnik.
8:26 of 3rd period - Shot Misses the Net.
8:30 of 3rd period - Icing by Eric Weinrich.
8:31 of 3rd period - Brendan Morrison wins face-off versus Pierre Turgeon in Canucks zone.
8:56 of 3rd period - Shot by Pierre Turgeon.
8:56 of 3rd period - Shot Misses the Net.
8:59 of 3rd period - Shot by Ian Laperriere.
8:59 of 3rd period - Stopped by Roberto Luongo without a rebound.
9:00 of 3rd period - Tyler Arnason wins face-off versus Henrik Sedin in Canucks zone.
9:05 of 3rd period - Shot by Tyler Arnason.
9:05 of 3rd period - Stopped by Roberto Luongo with a rebound.
9:32 of 3rd period - Shot by Joe Sakic.
9:32 of 3rd period - Stopped by Roberto Luongo with a rebound.
9:35 of 3rd period - Shot by Tyler Arnason.
9:35 of 3rd period - Shot Blocked by Nick Boynton.
9:38 of 3rd period - Shot by Mike York.
9:38 of 3rd period - Stopped by Roberto Luongo with a rebound.
9:43 of 3rd period - Shot by Joe Sakic.
9:43 of 3rd period - Stopped by Roberto Luongo without a rebound.
9:44 of 3rd period - Pierre Turgeon wins face-off versus Olli Jokinen in Canucks zone.
9:49 of 3rd period - Shot by Alexander Frolov.
9:49 of 3rd period - Stopped by Roberto Luongo without a rebound.
9:50 of 3rd period - Brendan Morrison wins face-off versus Pierre Turgeon in Canucks zone.
11:01 of 3rd period - Shot by Steve Konowalchuk.
11:01 of 3rd period - Shot Misses the Net.
11:02 of 3rd period - Shot by Karlis Skrastins.
11:02 of 3rd period - Shot Misses the Net.
11:07 of 3rd period - Shot by Steve Konowalchuk.
11:07 of 3rd period - Stopped by Roberto Luongo with a rebound.
11:10 of 3rd period - Shot by Brett McLean.
11:10 of 3rd period - Shot Blocked by Eric Weinrich.
12:26 of 3rd period - Icing by Joe Sakic.
12:27 of 3rd period - Joe Sakic wins face-off versus Henrik Sedin in Avalanche zone.
12:43 of 3rd period - Henrik Sedin is hit by Ken Klee and loses puck.
12:59 of 3rd period - Shot by Pierre Turgeon.
12:59 of 3rd period - Shot Misses the Net.
13:02 of 3rd period - Shot by Alexander Frolov.
13:02 of 3rd period - Shot Misses the Net.
13:19 of 3rd period - Shot by Alexander Frolov.
13:19 of 3rd period - Stopped by Roberto Luongo with a rebound.
13:20 of 3rd period - Shot by Ken Klee.
13:20 of 3rd period - Goal by Pierre Turgeon.
13:20 of 3rd period - Mika Noronen enters game.
13:21 of 3rd period - Olli Jokinen wins face-off versus Brett McLean in neutral zone.
13:29 of 3rd period - Wojtek Wolski is hit by Mattias Ohlund and loses puck.
14:22 of 3rd period - Icing by Wojtek Wolski.
14:23 of 3rd period - Brett McLean wins face-off versus Henrik Sedin in Avalanche zone.
14:44 of 3rd period - Shot by Matt Cooke.
14:44 of 3rd period - Stopped by Peter Budaj without a rebound.
14:45 of 3rd period - Brendan Morrison wins face-off versus Joe Sakic in Avalanche zone.
14:52 of 3rd period - Shot by Brendan Morrison.
14:52 of 3rd period - Stopped by Peter Budaj with a rebound.
14:53 of 3rd period - Shot by Lukas Krajicek.
14:53 of 3rd period - Shot Blocked by Jordan Leopold.
14:54 of 3rd period - Shot by Brendan Morrison.
14:54 of 3rd period - Shot Blocked by Jordan Leopold.
14:57 of 3rd period - Shot by Brendan Morrison.
14:57 of 3rd period - Stopped by Peter Budaj without a rebound.
14:58 of 3rd period - Bryan Smolinski wins face-off versus Pierre Turgeon in Avalanche zone.
15:33 of 3rd period - Shot by Pierre Turgeon.
15:33 of 3rd period - Stopped by Mika Noronen with a rebound.
16:00 of 3rd period - Shot by Karlis Skrastins.
16:00 of 3rd period - Shot Blocked by Willie Mitchell.
16:12 of 3rd period - Minor Penalty to Mike York for Elbowing.
16:13 of 3rd period - Brett McLean wins face-off versus Olli Jokinen in Canucks zone.
16:32 of 3rd period - Shot by Anson Carter.
16:32 of 3rd period - Stopped by Peter Budaj without a rebound.
16:33 of 3rd period - Matt Cooke wins face-off versus Brett McLean in Avalanche zone.
18:26 of 3rd period - Shot by Brendan Morrison.
18:26 of 3rd period - Stopped by Peter Budaj without a rebound.
18:27 of 3rd period - Pierre Turgeon wins face-off versus Jan Bulis in Avalanche zone.
18:38 of 3rd period - Shot by Ian Laperriere.
18:38 of 3rd period - Shot Misses the Net.
18:39 of 3rd period - Shot by Ossi Vaananen.
18:39 of 3rd period - Stopped by Mika Noronen without a rebound.
18:40 of 3rd period - Bryan Smolinski wins face-off versus Joe Sakic in Canucks zone.
19:07 of 3rd period - Shot by Oleg Kvasha.
19:07 of 3rd period - Shot Misses the Net.
19:37 of 3rd period - Bryan Smolinski is hit by Ken Klee and loses puck.


Output by the STHS for Stephane Roy -- Original Page W3C XHTML 1.0 Valid